 Dungeon Crawl Stone Soup version 0.19.0-2-gae57169 (webtiles) character file.

89 Pepeogr the Shield-Bearer (level 4, 0/29 HPs)
             Began as a Gargoyle Fighter on Nov 6, 2016.
             Was an Initiate of Makhleb.
             Killed from afar by Bekkur's ghost (27 damage)
             ... with an exploding inner flame
             ... hexed by the player character
             ... on level 4 of the Dungeon.
             The game lasted 00:17:12 (2332 turns).

Pepeogr the Shield-Bearer (Gargoyle Fighter)        Turns: 2332, Time: 00:17:13

Health: 0/29       AC: 19    Str: 21    XL:     4   Next: 55%
Magic:  4/4        EV:  7    Int:  8    God:    Makhleb [......]
Gold:   144        SH:  9    Dex:  9    Spells: 0 memorised, 3 levels left

rFire  . . .     SeeInvis .     n - +1 flail (protect)
rCold  . . .     Gourm    .     b - +0 scale mail
rNeg   + . .     Faith    .     c - +0 shield
rPois  ∞         Spirit   .     l - +0 helmet
rElec  +         Reflect  .     (no cloak)
rCorr  .         Harm     .     (no gloves)
MR     .....                    q - +0 pair of boots
Stlth  ..........               (no amulet)
                                (no ring)
                                (no ring)

@: protection aura
A: negative energy resistance 1, electricity resistance, unbreathing,
petrification resistance, rot immunity, AC +3
a: Renounce Religion


You were on level 4 of the Dungeon.
You worshipped Makhleb.
Makhleb was noncommittal.
You were not hungry.

You visited 1 branch of the dungeon, and saw 4 of its levels.

You collected 144 gold pieces.

Inventory:

Hand Weapons
 a - a +0 war axe
 f - a -1 short sword
 n - a +1 flail of protection (weapon)
Missiles
 o - 2 tomahawks of dispersal (quivered)
Armour
 b - a +0 scale mail (worn)
 c - a +0 shield (worn)
 d - a -1 ring mail
 j - a +0 scale mail
 l - a +0 helmet (worn)
 q - a +0 pair of boots (worn)
Wands
 p - a wand of paralysis (3/24)
Scrolls
 e - a scroll of noise
 k - a scroll of magic mapping
 r - 2 scrolls of identify
Potions
 g - 2 potions of heal wounds
 h - a potion of brilliance
Comestibles
 i - a beef jerky
 m - a bread ration
 s - 5 fruits


   Skills:
 + Level 3.7 Fighting
 - Level 2.5(2.7) Axes
 * Level 1.4(2.3) Maces & Flails
 + Level 3.6 Armour
 + Level 0.4 Dodging
 + Level 4.0 Shields


You had 3 spell levels left.
You didn't know any spells.

Dungeon Overview and Level Annotations

Branches:
Dungeon (4/15)
 Temple: D:4-7

Altars:
Kikubaaqudgha
Makhleb

Shops:
D:4 %


Innate Abilities, Weirdness & Mutations

You are resistant to torment.
Your stone body is resilient. (AC +3)
You are immune to poison.
You resist negative energy. (rN+)
You are resistant to electric shocks. (rElec)
You can survive without breathing.
You are immune to petrification.
You are immune to rotting.


Message History

Bekkur's ghost is severely damaged.
Bekkur's ghost whispers, "Meet the emptiness of death!"
Bekkur's ghost closely misses you.
Bekkur's ghost hits you but does no damage.
You barely miss Bekkur's ghost.
Bekkur's ghost is severely damaged.
Bekkur's ghost hits you but does no damage.
You sock Bekkur's ghost!
Your weapon exudes an aura of protection.
Bekkur's ghost is almost destroyed.
Bekkur's ghost barely misses you.
Bekkur's ghost hits you but does no damage.
You barely miss Bekkur's ghost.
Bekkur's ghost is almost destroyed.
You block Bekkur's ghost's attack.
You hit Bekkur's ghost.
Bekkur's ghost explodes!
The fiery explosion engulfs you!
Ouch! That really hurt!
You die...

### ..# #.# #§#
#§# #@# #∩# #.#
########.#
#...)....#
###.########
#...#
#.##############
#.#............#


There were no monsters in sight!

Vanquished Creatures
  4 adders
  A worm (D:3)
  A dart slug (D:3)
  A leopard gecko (D:2)
  An orc (D:3)
  7 bats
  2 bat zombies (D:3)
  A giant cockroach (D:3)
  3 goblins
  4 hobgoblins
  3 jackals (D:1)
  7 kobolds
  2 quokkas (D:2)
  A ball python (D:1)
  5 frilled lizards
  2 rats
  A rat zombie (D:3)
46 creatures vanquished.

Notes
Turn   | Place    | Note
-------+----------+-------------------------------------------
     0 | D:1      | Pepeogr the Gargoyle Fighter began the quest for the Orb.
     0 | D:1      | Reached XP level 1. HP: 14/14 MP: 1/1
   218 | D:1      | Reached XP level 2. HP: 17/19 MP: 2/2
   741 | D:2      | Reached XP level 3. HP: 23/23 MP: 3/3
   859 | D:2      | Found a burning altar of Makhleb.
   872 | D:2      | Became a worshipper of Makhleb the Destroyer
  1667 | D:3      | Reached XP level 4. HP: 9/29 MP: 4/4
  1860 | D:3      | Reached skill level 1 in Maces & Flails
  2092 | D:3      | Reached skill level 4 in Shields
  2094 | D:3      | Found an ancient bone altar of Kikubaaqudgha.
  2304 | D:4      | Found Zifiuritt's Food Shop.
  2304 | D:4      | Noticed Bekkur's ghost (weakling DsGl)
  2332 | D:4      | Killed Bekkur's ghost
  2332 | D:4      | Killed from afar by Bekkur's ghost

Skill      XL: |  1  2  3  4 |
---------------+-------------+-----
Axes           | 2 |  2.5
Maces & Flails | 1 |  1.4
Shields        | 4 |  4.0
Fighting       | |  3.7
Armour         | |  3.6
Dodging        | |  0.4

Action                   |  1- 3 |  4- 6 || total
-------------------------+-------+-------++-------
Melee: War axe           |    87 |       ||    87
       Flail             |    27 |    53 ||    80
       Short sword       |       |     3 ||     3
Evoke: Wand              |       |     1 ||     1
  Use: Scroll            |     4 |     3 ||     7
       Potion            |     2 |     1 ||     3
 Stab: Paralysed         |       |     4 ||     4
  Eat: Bread ration      |     1 |       ||     1
Armor: Scale mail        |    94 |    37 ||   131
Dodge: Dodged            |    51 |    23 ||    74
Block: Shield            |    65 |    28 ||    93
